NCAA
GEORGETOWN HOYAS @ OHIO STATE BUCKEYES
05/03/2026
 
TOP OF THE 1ST
Georgetown Hoyas batting - Pitching for Ohio State Buckeyes : RHP Tom Sheppard
Pitching: RHP Tom Sheppard
Batting: RHB Bob Lee 0-0: Ball
1-0: Foul Ball, location: 2F
1-1: Ball
2-1: Called Strike
2-2: Strikes out swinging
Batting: LHB José De La Cruz 0-0: Called Strike
0-1: Foul Ball, location: 2F
0-2: Ball
1-2: Ball
2-2: Ball
3-2: Strikes out swinging
Batting: RHB Hubert MacDonald 0-0: Ball
1-0: SINGLE (Groundball, 6MD)
Batting: LHB Ken Bullard 0-0: Swinging Strike
0-1: Foul Ball, location: 2F
0-2: Ball
1-2: Ball
2-2: Foul Ball, location: 2F
2-2: Strikes out swinging
Top of the 1st over - 0 run(s), 1 hit(s), 0 error(s), 1 left on base; Georgetown 0 - Ohio State 0
BOTTOM OF THE 1ST
Ohio State Buckeyes batting - Pitching for Georgetown Hoyas : RHP Carl Jones
Pitching: RHP Carl Jones
Batting: RHB Alan Evans 0-0: Foul Ball, location: 2F
0-1: Ground out 4-3 (Groundball, 4)
Batting: SHB Bill House 0-0: Foul Ball, location: 2F
0-1: Foul Ball, location: 2F
0-2: Foul Ball, location: 2F
0-2: Ball
1-2: Foul Ball, location: 2F
1-2: Ball
2-2: Strikes out swinging
Batting: LHB Joel Nelson 0-0: Foul Ball, location: 2F
0-1: Swinging Strike
0-2: Strikes out looking
Bottom of the 1st over - 0 run(s), 0 hit(s), 0 error(s), 0 left on base; Georgetown 0 - Ohio State 0
TOP OF THE 2ND
Georgetown Hoyas batting - Pitching for Ohio State Buckeyes : RHP Tom Sheppard
Batting: RHB Glenn Rojas 0-0: Ball
1-0: Ball
2-0: Swinging Strike
2-1: Foul Ball, location: 2F
2-2: Ball
3-2: Base on Balls
Batting: RHB Brian Harvey 0-0: Foul Ball, location: 2F
0-1: Called Strike
0-2: Ball
1-2: Ball
2-2: Foul Ball, location: 2F
2-2: Foul Ball, location: 2F
2-2: Ball
3-2: Fly out, F6 (Popup, 6M)
Batting: LHB Chris Smith 0-0: Ball
1-0: Ball
2-0: 2-RUN HOME RUN (Flyball, 8RXD), Distance : 398 ft
Batting: LHB Robinson Ordóñez 0-0: Ball
1-0: Ball
2-0: Foul Ball, location: 2F
2-1: Swinging Strike
2-2: Foul Ball, location: 2F
2-2: Ball
3-2: SINGLE (Groundball, 6MD)
Batting: LHB Preston Leach 0-0: Ball
1-0: Called Strike
1-1: Foul Ball, location: 2F
1-2: DOUBLE (Line Drive, 7LS)
Robinson Ordóñez to third
Batting: RHB Bob Lee 0-0: Called Strike
0-1: Ball
1-1: Called Strike
1-2: Ball
2-2: Foul Ball, location: 2F
2-2: Foul Ball, location: 2F
2-2: Foul Ball, location: 2F
2-2: Foul Ball, location: 2F
2-2: Foul Ball, location: 2F
2-2: Ball
3-2: Foul Ball, location: 2F
3-2: Foul Ball, location: 2F
3-2: Strikes out swinging
Batting: LHB José De La Cruz 0-0: Called Strike
0-1: Swinging Strike
0-2: Ball
1-2: Strikes out swinging
Top of the 2nd over - 2 run(s), 3 hit(s), 0 error(s), 2 left on base; Georgetown 2 - Ohio State 0
BOTTOM OF THE 2ND
Ohio State Buckeyes batting - Pitching for Georgetown Hoyas : RHP Carl Jones
Batting: LHB Milo Glenn 0-0: Ball
1-0: Called Strike
1-1: Called Strike
1-2: Ball
2-2: Strikes out looking
Batting: RHB Richie Sawyer 0-0: Ball
1-0: Swinging Strike
1-1: Foul Ball, location: 2F
1-2: Fly out, F9 (Flyball, 9D)
Batting: LHB Roberto Herrera 0-0: Ball
1-0: Ball
2-0: Called Strike
2-1: Foul Ball, location: 2F
2-2: Ball
3-2: Strikes out swinging
Bottom of the 2nd over - 0 run(s), 0 hit(s), 0 error(s), 0 left on base; Georgetown 2 - Ohio State 0
TOP OF THE 3RD
Georgetown Hoyas batting - Pitching for Ohio State Buckeyes : RHP Tom Sheppard
Batting: RHB Hubert MacDonald 0-0: Ball
1-0: Foul Ball, location: 2F
1-1: Foul Ball, location: 2F
1-2: Ball
2-2: Foul Ball, location: 2F
2-2: Ground out 5-3 (Groundball, 5L)
Batting: LHB Ken Bullard 0-0: Ball
1-0: Foul Ball, location: 2F
1-1: Ball
2-1: Foul Ball, location: 2F
2-2: Foul Ball, location: 2F
2-2: Foul Ball, location: 2F
2-2: Ball
3-2: Foul Ball, location: 2F
3-2: Base on Balls
Batting: RHB Glenn Rojas 0-0: Ball
1-0: Ball
Ken Bullard steals 2nd base
2-0: Ball
3-0: Called Strike
3-1: Ground out 6-3 (Groundball, 6)
Pitching: RHP Ed Weaver
Batting: RHB Brian Harvey 0-0: Ball
1-0: Called Strike
1-1: Swinging Strike
1-2: Ball
2-2: Strikes out swinging
Top of the 3rd over - 0 run(s), 0 hit(s), 0 error(s), 1 left on base; Georgetown 2 - Ohio State 0
BOTTOM OF THE 3RD
Ohio State Buckeyes batting - Pitching for Georgetown Hoyas : RHP Carl Jones
Batting: RHB John Robertson 0-0: Reached on error, E4 (Groundball, 4)
Batting: RHB George Pierce 0-0: Swinging Strike
0-1: Ball
1-1: Called Strike
1-2: Ball
2-2: Strikes out swinging
Batting: RHB Frank Hester 0-0: Called Strike
0-1: Swinging Strike
0-2: Strikes out swinging
Batting: RHB Alan Evans 0-0: Called Strike
John Robertson steals 2nd base
0-1: Ball
1-1: Ground out 5-3 (Groundball, 5S)
Bottom of the 3rd over - 0 run(s), 0 hit(s), 1 error(s), 1 left on base; Georgetown 2 - Ohio State 0
TOP OF THE 4TH
Georgetown Hoyas batting - Pitching for Ohio State Buckeyes : RHP Ed Weaver
Batting: LHB Chris Smith 0-0: Foul Ball, location: 2F
0-1: SINGLE (Flyball, 78S)
Batting: LHB Robinson Ordóñez 0-0: Called Strike
Chris Smith steals 2nd base
0-1: Ball
1-1: Ball
2-1: Foul Ball, location: 2F
2-2: Strikes out swinging
Batting: LHB Preston Leach 0-0: Ball
1-0: SINGLE (Line Drive, 56D)
Chris Smith to third
Batting: RHB Bob Lee 0-0: Ball
1-0: Foul Ball, location: 2F
1-1: Called Strike
1-2: Strikes out swinging
Batting: LHB José De La Cruz 0-0: Ball
1-0: Ball
2-0: Foul Ball, location: 2F
2-1: Ball
3-1: Base on Balls
Preston Leach to second
Batting: RHB Hubert MacDonald 0-0: Called Strike
0-1: Ball
1-1: Called Strike
1-2: Strikes out looking
Top of the 4th over - 0 run(s), 2 hit(s), 0 error(s), 3 left on base; Georgetown 2 - Ohio State 0
BOTTOM OF THE 4TH
Ohio State Buckeyes batting - Pitching for Georgetown Hoyas : RHP Carl Jones
Batting: SHB Bill House 0-0: Called Strike
0-1: Ball
1-1: Swinging Strike
1-2: Foul Ball, location: 2F
1-2: Foul Ball, location: 2F
1-2: Ball
2-2: Strikes out swinging
Batting: LHB Joel Nelson 0-0: Ball
1-0: Foul Ball, location: 2F
1-1: SINGLE (Line Drive, 56)
Batting: LHB Milo Glenn 0-0: Ball
1-0: Called Strike
1-1: Ball
2-1: Ball
3-1: Foul Ball, location: 2F
3-2: Base on Balls
Joel Nelson to second
Batting: RHB Richie Sawyer 0-0: Called Strike
Joel Nelson steals 3rd base
Milo Glenn to second
0-1: Foul Ball, location: 2F
0-2: Ground out 1-3 (Groundball, 15)
Batting: LHB Roberto Herrera 0-0: Foul Ball, location: 2F
0-1: Ball
1-1: Called Strike
1-2: Ball
2-2: Strikes out swinging
Bottom of the 4th over - 0 run(s), 1 hit(s), 0 error(s), 2 left on base; Georgetown 2 - Ohio State 0
TOP OF THE 5TH
Georgetown Hoyas batting - Pitching for Ohio State Buckeyes : RHP Carlos Flores
Pitching: RHP Carlos Flores
Batting: LHB Ken Bullard 0-0: Ball
1-0: Foul Ball, location: 2F
1-1: Swinging Strike
1-2: Strikes out swinging
Batting: RHB Glenn Rojas 0-0: SINGLE (Line Drive, 3D)
Batting: RHB Brian Harvey 0-0: Ball
1-0: Called Strike
1-1: Swinging Strike
1-2: Foul Ball, location: 2F
1-2: Ball
2-2: Foul Ball, location: 2F
2-2: Foul Ball, location: 2F
2-2: Strikes out swinging
Batting: LHB Chris Smith 0-0: Ball
Reached via error on a dropped throw, E3
Glenn Rojas to second
Batting: LHB Robinson Ordóñez 0-0: Foul Ball, location: 2F
0-1: Ball
1-1: Ball
2-1: Swinging Strike
2-2: SINGLE (Line Drive, 9S)
Glenn Rojas to third
Chris Smith to second
Batting: LHB Preston Leach 0-0: Called Strike
0-1: Fielders Choice at 2nd, U4 (Groundball, 4M)
Top of the 5th over - 0 run(s), 2 hit(s), 1 error(s), 3 left on base; Georgetown 2 - Ohio State 0
BOTTOM OF THE 5TH
Ohio State Buckeyes batting - Pitching for Georgetown Hoyas : RHP Carl Jones
Batting: RHB John Robertson 0-0: Ball
1-0: Foul Ball, location: 2F
1-1: Foul Ball, location: 2F
1-2: Strikes out looking
Batting: RHB George Pierce 0-0: Ground out 4-3 (Groundball, 4)
Batting: RHB Frank Hester 0-0: Ball
1-0: Called Strike
1-1: SOLO HOME RUN (Line Drive, 78XD), Distance : 385 ft
Batting: RHB Alan Evans 0-0: Ball
1-0: Swinging Strike
1-1: TRIPLE (Line Drive, 9LM)
Batting: SHB Bill House 0-0: Ball
1-0: Foul Ball, location: 2F
1-1: Ball
2-1: Called Strike
2-2: Ball
3-2: Base on Balls
Batting: LHB Joel Nelson 0-0: Ball
1-0: Ball
2-0: Called Strike
2-1: Foul Ball, location: 2F
2-2: Strikes out swinging
Bottom of the 5th over - 1 run(s), 2 hit(s), 0 error(s), 2 left on base; Georgetown 2 - Ohio State 1
TOP OF THE 6TH
Georgetown Hoyas batting - Pitching for Ohio State Buckeyes : RHP Carlos Flores
Batting: RHB Bob Lee 0-0: Ball
1-0: Ball
2-0: Foul Ball, location: 2F
2-1: Called Strike
2-2: Ball
3-2: Foul Ball, location: 2F
3-2: Base on Balls
Batting: LHB José De La Cruz 0-0: Called Strike
0-1: Ball
1-1: Called Strike
1-2: Foul Ball, location: 2F
1-2: Strikes out looking
Batting: RHB Hubert MacDonald 0-0: Called Strike
0-1: Ball
1-1: Ball
2-1: Swinging Strike
2-2: Ball
3-2: Strikes out swinging
Bob Lee steals 2nd base
Batter strikes out.
Batting: LHB Ken Bullard 0-0: Ball
1-0: Swinging Strike
1-1: Ball
2-1: Foul Ball, location: 2F
2-2: Strikes out looking
Top of the 6th over - 0 run(s), 0 hit(s), 0 error(s), 1 left on base; Georgetown 2 - Ohio State 1
BOTTOM OF THE 6TH
Ohio State Buckeyes batting - Pitching for Georgetown Hoyas : RHP Carl Jones
Batting: LHB Milo Glenn 0-0: Ball
1-0: Ball
2-0: Ball
3-0: Base on Balls
Batting: RHB Richie Sawyer 0-0: Called Strike
0-1: Foul Ball, location: 2F
0-2: Strikes out swinging
Batting: LHB Roberto Herrera 0-0: Ball
1-0: Grounds into double play, 4-6-3 (Groundball, 4)
Bottom of the 6th over - 0 run(s), 0 hit(s), 0 error(s), 0 left on base; Georgetown 2 - Ohio State 1
TOP OF THE 7TH
Georgetown Hoyas batting - Pitching for Ohio State Buckeyes : RHP Carlos Flores
Pitching: RHP Greg MacGilroy
Batting: RHB Glenn Rojas 0-0: Fly out, F5 (Line Drive, 5)
Batting: RHB Brian Harvey 0-0: Ball
1-0: Called Strike
1-1: Ball
2-1: Foul Ball, location: 2F
2-2: SINGLE (Line Drive, 6D)
Batting: LHB Chris Smith 0-0: Ball
1-0: Called Strike
1-1: Swinging Strike
1-2: Strikes out swinging
Batting: LHB Robinson Ordóñez 0-0: Ball
1-0: Ball
2-0: Called Strike
2-1: Ball
3-1: Foul Ball, location: 2F
3-2: Strikes out swinging
Top of the 7th over - 0 run(s), 1 hit(s), 0 error(s), 1 left on base; Georgetown 2 - Ohio State 1
BOTTOM OF THE 7TH
Ohio State Buckeyes batting - Pitching for Georgetown Hoyas : RHP Carl Jones
Batting: RHB John Robertson 0-0: Called Strike
0-1: Ball
1-1: Foul Ball, location: 2F
1-2: Strikes out swinging
Batting: RHB George Pierce 0-0: Fly out, F2 (Popup, 2RF)
Batting: RHB Frank Hester 0-0: Called Strike
0-1: Called Strike
0-2: Strikes out looking
Bottom of the 7th over - 0 run(s), 0 hit(s), 0 error(s), 0 left on base; Georgetown 2 - Ohio State 1
TOP OF THE 8TH
Georgetown Hoyas batting - Pitching for Ohio State Buckeyes : RHP Greg MacGilroy
Batting: LHB Preston Leach 0-0: Swinging Strike
0-1: Ground out 4-3 (Groundball, 4)
Batting: RHB Bob Lee 0-0: Called Strike
0-1: Bunt - Flyout! F2
Batting: LHB José De La Cruz 0-0: Foul Ball, location: 2F
0-1: Reached on error, E4 (Groundball, 4)
Batting: RHB Hubert MacDonald 0-0: Ball
1-0: Ball
2-0: Fielders Choice at 2nd, U6 (Groundball, 6M)
Top of the 8th over - 0 run(s), 0 hit(s), 1 error(s), 1 left on base; Georgetown 2 - Ohio State 1
BOTTOM OF THE 8TH
Ohio State Buckeyes batting - Pitching for Georgetown Hoyas : RHP Carl Jones
Batting: RHB Alan Evans 0-0: Ball
1-0: Ball
2-0: Ground out 1-3 (Groundball, 13)
Batting: SHB Bill House 0-0: Ball
1-0: Ball
2-0: Ball
3-0: Called Strike
3-1: Swinging Strike
3-2: Ground out 4-3 (Groundball, 4)
Batting: LHB Joel Nelson 0-0: Ball
1-0: Ground out 4-3 (Groundball, 4)
Bottom of the 8th over - 0 run(s), 0 hit(s), 0 error(s), 0 left on base; Georgetown 2 - Ohio State 1
TOP OF THE 9TH
Georgetown Hoyas batting - Pitching for Ohio State Buckeyes : RHP Greg MacGilroy
Pitching: LHP Gonzalo Tobías
Batting: LHB Ken Bullard 0-0: Fly out, F8 (Flyball, 8RM)
Batting: RHB Glenn Rojas 0-0: Ball
1-0: Ball
2-0: Called Strike
2-1: Foul Ball, location: 2F
2-2: Fly out, F4 (Popup, 4D)
Batting: RHB Brian Harvey 0-0: Foul Ball, location: 2F
0-1: Ground out 1-3 (Groundball, 13S)
Top of the 9th over - 0 run(s), 0 hit(s), 0 error(s), 0 left on base; Georgetown 2 - Ohio State 1
BOTTOM OF THE 9TH
Ohio State Buckeyes batting - Pitching for Georgetown Hoyas : RHP Carl Jones
Batting: LHB Milo Glenn 0-0: SINGLE (Line Drive, 6)
Batting: RHB Richie Sawyer 0-0: Fly out, F7 (Flyball, 78D)
Pitching: RHP Brandon Lee
Batting: LHB Roberto Herrera 0-0: Ball
1-0: Ball
2-0: SINGLE (Line Drive, 78S)
Milo Glenn to second
Batting: RHB John Robertson 0-0: Ball
1-0: Foul Ball, location: 2F
1-1: Ball
2-1: Swinging Strike
2-2: Grounds into double play, U6-3 (Groundball, 6M)
Bottom of the 9th over - 0 run(s), 2 hit(s), 0 error(s), 1 left on base; Georgetown 2 - Ohio State 1
Monday, December 5th, 2016 - OOTP Baseball 17.12 Build 75